Connexion

Phantoms vs Devils

Created - 15 janvier 2024 at 08:20

Goals
1 2 3 T
Phantoms 2 3 0 5
Devils 0 0 2 2
Shots
1 2 3 T
Phantoms 11 15 11 37
Devils 9 9 18 36

GoalsPenalties
1st period
1. Phantoms , Manuel Wiederer 11 (Kerby Rychel 21, Patrick Sieloff 20) at 17:40
2. Phantoms , Michael McCarron 17 (Seth Griffith 31) at 19:37
Jake Mccabe (ADI) for Slashing (Minor) at 3:15
Kyle Clifford (BIN) for Holding (Minor) at 6:57
Tyler Sikura (ADI) for Tripping (Minor) at 15:06
2nd period
3. Phantoms , Michael McCarron 18 (Ben Harpur 22, Brady Keeper 28) at 5:42 (PP)
4. Phantoms , Brady Keeper 8 (Adam Mascherin 15, Ben Harpur 23) at 9:21
5. Phantoms , Patrick Sieloff 1 (Jarred Tinordi 10, Logan Hutsko 13) at 16:12
Doyle Somerby (BIN) for Cross-checking (Minor) at 4:31
Kyle Clifford (BIN) for Interference (Minor) at 19:06
3rd period
6. Devils , Marc Staal 8 (Pavel Gogolev 15, Cole Cassels 7) at 1:58 (PP)
7. Devils , Carl Dahlstrom 5 (Spencer Foo 24, Cole Cassels 8) at 4:24
Jarred Tinordi (ADI) for Hooking (Minor) at 1:20
Anthony Bitetto (BIN) for Delaying the game (Minor) at 6:01
Goalie Stats
Kevin Poulin (ADI), 34 saves from 36 shots - (0,944), W, 20-17-3, 60:00 minutes
Carey Price (BIN), 20 saves from 21 shots - (0,952), 30:39 minutes
Eetu Makiniemi (BIN), 12 saves from 16 shots - (0,750), L, 7-6-2, 29:21 minutes
3 StarsOfficial
1 - Michael McCarron (ADI)
2 - Patrick Sieloff (ADI)
3 - Ben Harpur (ADI)
Referees : Don VanMassenhoven and Tim Peel
Linesman : Darren Gibbs and Lyle Seitz
Game Note
Carey Price enters game at 9:21 of 2nd period
Finance
Level 1 -- Attendance: 1937 (96,85%) -- Ticket Income $58,110
Level 2 -- Attendance: 994 (99,40%) -- Ticket Income $19,880
Total Attendance: 2931 (97,70%)
Total Ticket Income: $77,990
Other Income: $15,598
Total Income: $93,588



Team Name Goals Shots Shots Attemp Shots Blocked PIM HIT PP PK FO%
Phantoms 53780126191 / 4 (25%)147%
Devils 23667108221 / 3 (33%)153%

Phantoms
Player Name POS G A P +/- PIM HIT SHT SB MP PP MP PP SHT PK MP PK SHT FO% FOT
Adam MascherinC/LW0111000114:010:0000:0000% 0
Ben HarpurD0221043020:173:2532:2900% 0
Brady KeeperD1121002020:173:2512:2900% 0
Brett McKenzieLW000001003:490:0000:390100% 1
Curtis DouglasC000000000:400:2900:0000% 0
Jake MccabeD0001222024:193:4311:1000% 0
Jarred TinordiD0111200114:250:0000:0000% 0
Joshua JacobsD0001020525:173:4302:0700% 0
Kerby RychelLW0111006018:103:4630:0000% 0
Logan HutskoRW0111013015:350:0001:34033% 3
Lucas WallmarkC0001005114:200:1910:00060% 15
Luke HenmanC000000203:100:0000:00014% 7
Manuel WiedererC/RW1011002018:103:4600:0000% 1
Michael McCarronC/RW2021054021:263:0311:42067% 3
Patrick SieloffD1121011215:230:0000:5700% 0
Seth GriffithC/LW/RW0111013122:083:1212:150100% 2
Tyler SikuraC/LW0001221019:093:4601:00048% 25
Victor RaskC0001003124:453:0312:02043% 28
Devils
Player Name POS G A P +/- PIM HIT SHT SB MP PP MP PP SHT PK MP PK SHT FO% FOT
Anthony BitettoD000-2201321:572:0312:5600% 0
Cal ClutterbuckLW/RW0000035014:022:2620:000100% 1
Carl DahlstromD1010002013:390:0000:5900% 0
Cole CasselsC022-1005024:262:1012:16148% 33
Doyle SomerbyD0000221112:390:0000:0000% 0
Eric RobinsonLW0000011012:440:0001:0800% 0
Jaromir PitlikC000000000:000:0000:0000% 0
Kirill MaksimovRW000-203105:320:0000:0000% 0
Kyle CliffordLW000-2422017:460:0001:080100% 1
Mackenzie MacEachernLW000-200005:320:0000:0000% 0
Marc StaalD101-1022024:092:3322:5900% 0
Michael AndersonD000-2021323:112:0304:0900% 0
Paul ByronC/LW/RW000-2014019:062:2610:00050% 2
Pavel GogolevLW0111033021:302:1014:52055% 11
Pierre-Édouard BellemarreC/LW/RW000-2004119:062:2610:00064% 25
Ryan MurphyD000-1011224:232:3313:1300% 0
Skyler Brind'amourC0000000011:360:0000:00030% 10
Spencer FooRW0111023021:302:1004:52050% 2



Play-by-Play

1st period


0:01 of 1st period - Cole Cassels wins face-off versus Victor Rask in neutral zone.
0:01 of 1st period - Spencer Foo is hit by Seth Griffith and loses puck.
0:12 of 1st period - Shot by Michael McCarron.
0:12 of 1st period - Shot Misses the Net.
0:36 of 1st period - Shot by Seth Griffith.
0:36 of 1st period - Stopped by Eetu Makiniemi without a rebound.
0:37 of 1st period - Pierre-Édouard Bellemarre wins face-off versus Tyler Sikura in Devils zone.
0:37 of 1st period - Pierre-Édouard Bellemarre is hit by Tyler Sikura.
0:55 of 1st period - Shot by Tyler Sikura.
0:55 of 1st period - Shot Misses the Net.
1:12 of 1st period - Paul Byron is hit by Ben Harpur and loses puck.
1:18 of 1st period - Kerby Rychel is hit by Michael Anderson and loses puck.
1:42 of 1st period - Icing by Jarred Tinordi.
1:43 of 1st period - Cole Cassels wins face-off versus Lucas Wallmark in Phantoms zone.
1:46 of 1st period - Shot by Kirill Maksimov.
1:46 of 1st period - Shot Misses the Net.
1:52 of 1st period - Jarred Tinordi is hit by Kirill Maksimov.
2:12 of 1st period - Shot by Logan Hutsko.
2:12 of 1st period - Shot Misses the Net.
2:31 of 1st period - Icing by Joshua Jacobs.
2:32 of 1st period - Skyler Brind'amour wins face-off versus Victor Rask in Phantoms zone.
2:51 of 1st period - Shot by Skyler Brind'amour.
2:51 of 1st period - Shot Misses the Net.
2:53 of 1st period - Shot by Cal Clutterbuck.
2:53 of 1st period - Shot Misses the Net.
3:07 of 1st period - Shot by Seth Griffith.
3:07 of 1st period - Shot Misses the Net.
3:14 of 1st period - Cal Clutterbuck is hit by Jake Mccabe and loses puck.
3:15 of 1st period - Minor Penalty to Jake Mccabe for Slashing.
3:16 of 1st period - Victor Rask wins face-off versus Cole Cassels in Phantoms zone.
3:35 of 1st period - Icing by Anthony Bitetto.
3:36 of 1st period - Cole Cassels wins face-off versus Victor Rask in Devils zone.
3:47 of 1st period - Shot by Pavel Gogolev.
3:47 of 1st period - Shot Misses the Net.
3:49 of 1st period - Shot by Anthony Bitetto.
3:49 of 1st period - Shot Misses the Net.
3:51 of 1st period - Shot by Cole Cassels.
3:51 of 1st period - Shot Misses the Net.
4:24 of 1st period - Marc Staal is hit by Patrick Sieloff and loses puck.
4:27 of 1st period - Shot by Marc Staal.
4:27 of 1st period - Stopped by Kevin Poulin with a rebound.
4:29 of 1st period - Shot by Pierre-Édouard Bellemarre.
4:29 of 1st period - Stopped by Kevin Poulin with a rebound.
4:31 of 1st period - Shot by Ryan Murphy.
4:31 of 1st period - Shot Blocked by Joshua Jacobs.
4:33 of 1st period - Shot by Cal Clutterbuck.
4:33 of 1st period - Stopped by Kevin Poulin without a rebound.
4:34 of 1st period - Pierre-Édouard Bellemarre wins face-off versus Tyler Sikura in Phantoms zone.
4:35 of 1st period - Shot by Cal Clutterbuck.
4:35 of 1st period - Stopped by Kevin Poulin without a rebound.
4:36 of 1st period - Paul Byron wins face-off versus Tyler Sikura in Phantoms zone.
4:57 of 1st period - Shot by Cal Clutterbuck.
4:57 of 1st period - Deflect By Pierre-Édouard Bellemarre.
4:57 of 1st period - Shot Misses the Net.
5:46 of 1st period - Shot by Pavel Gogolev.
5:46 of 1st period - Stopped by Kevin Poulin without a rebound.
5:47 of 1st period - Luke Henman wins face-off versus Skyler Brind'amour in Phantoms zone.
5:55 of 1st period - Victor Rask is hit by Doyle Somerby and loses puck.
6:02 of 1st period - Shot by Luke Henman.
6:02 of 1st period - Stopped by Eetu Makiniemi without a rebound.
6:03 of 1st period - Tyler Sikura wins face-off versus Cole Cassels in Devils zone.
6:34 of 1st period - Manuel Wiederer is hit by Kirill Maksimov and loses puck.
6:57 of 1st period - Minor Penalty to Kyle Clifford for Holding.
6:58 of 1st period - Pavel Gogolev wins face-off versus Victor Rask in Devils zone.
7:13 of 1st period - Shot by Seth Griffith.
7:13 of 1st period - Shot Misses the Net.
7:17 of 1st period - Shot by Jake Mccabe.
7:17 of 1st period - Shot Misses the Net.
7:19 of 1st period - Shot by Jake Mccabe.
7:19 of 1st period - Stopped by Eetu Makiniemi without a rebound.
7:20 of 1st period - Victor Rask wins face-off versus Pavel Gogolev in Devils zone.
7:35 of 1st period - Shot by Brady Keeper.
7:35 of 1st period - Shot Misses the Net.
7:37 of 1st period - Shot by Ben Harpur.
7:37 of 1st period - Stopped by Eetu Makiniemi without a rebound.
7:38 of 1st period - Tyler Sikura wins face-off versus Pavel Gogolev in Devils zone.
8:16 of 1st period - Manuel Wiederer is hit by Marc Staal.
8:34 of 1st period - Shot by Seth Griffith.
8:34 of 1st period - Shot Misses the Net.
9:02 of 1st period - Shot by Lucas Wallmark.
9:02 of 1st period - Stopped by Eetu Makiniemi without a rebound.
9:03 of 1st period - Pierre-Édouard Bellemarre wins face-off versus Lucas Wallmark in Devils zone.
9:03 of 1st period - Pierre-Édouard Bellemarre is hit by Logan Hutsko.
9:43 of 1st period - Off-side.
9:44 of 1st period - Cal Clutterbuck wins face-off versus Tyler Sikura in neutral zone.
9:59 of 1st period - Shot by Tyler Sikura.
9:59 of 1st period - Stopped by Eetu Makiniemi without a rebound.
10:00 of 1st period - Cole Cassels wins face-off versus Victor Rask in Devils zone.
10:52 of 1st period - Paul Byron is hit by Ben Harpur and loses puck.
11:59 of 1st period - Tyler Sikura is hit by Eric Robinson and loses puck.
12:50 of 1st period - Shot by Spencer Foo.
12:50 of 1st period - Stopped by Kevin Poulin without a rebound.
12:51 of 1st period - Pierre-Édouard Bellemarre wins face-off versus Luke Henman in Phantoms zone.
12:57 of 1st period - Icing by Joshua Jacobs.
12:58 of 1st period - Cole Cassels wins face-off versus Luke Henman in Phantoms zone.
13:01 of 1st period - Shot by Cole Cassels.
13:01 of 1st period - Stopped by Kevin Poulin without a rebound.
13:02 of 1st period - Lucas Wallmark wins face-off versus Cole Cassels in Phantoms zone.
13:31 of 1st period - Shot by Pavel Gogolev.
13:31 of 1st period - Shot Misses the Net.
13:41 of 1st period - Shot by Cole Cassels.
13:41 of 1st period - Shot Misses the Net.
13:43 of 1st period - Shot by Michael Anderson.
13:43 of 1st period - Stopped by Kevin Poulin without a rebound.
13:44 of 1st period - Pierre-Édouard Bellemarre wins face-off versus Tyler Sikura in Phantoms zone.
13:44 of 1st period - Paul Byron is hit by Jake Mccabe.
13:54 of 1st period - Shot by Kerby Rychel.
13:54 of 1st period - Stopped by Eetu Makiniemi without a rebound.
13:55 of 1st period - Victor Rask wins face-off versus Skyler Brind'amour in Devils zone.
15:06 of 1st period - Minor Penalty to Tyler Sikura for Tripping.
15:07 of 1st period - Pierre-Édouard Bellemarre wins face-off versus Logan Hutsko in Phantoms zone.
16:11 of 1st period - Shot by Spencer Foo.
16:11 of 1st period - Deflect By Pavel Gogolev.
16:11 of 1st period - Shot Misses the Net.
16:13 of 1st period - Shot by Spencer Foo.
16:13 of 1st period - Shot Blocked by Victor Rask.
16:15 of 1st period - Shot by Ryan Murphy.
16:15 of 1st period - Stopped by Kevin Poulin without a rebound.
16:16 of 1st period - Cole Cassels wins face-off versus Logan Hutsko in Phantoms zone.
16:44 of 1st period - Spencer Foo is hit by Ben Harpur and loses puck.
17:36 of 1st period - Shot by Kerby Rychel.
17:36 of 1st period - Shot Blocked by Doyle Somerby.
17:40 of 1st period - Shot by Manuel Wiederer.
17:40 of 1st period - Goal by Manuel Wiederer - Phantoms : 1 - Devils : 0.
17:41 of 1st period - Pierre-Édouard Bellemarre wins face-off versus Luke Henman in neutral zone.
17:54 of 1st period - Shot by Paul Byron.
17:54 of 1st period - Shot Misses the Net.
18:00 of 1st period - Shot by Joshua Jacobs.
18:00 of 1st period - Shot Misses the Net.
18:04 of 1st period - Shot by Brett McKenzie.
18:04 of 1st period - Shot Blocked by Anthony Bitetto.
18:06 of 1st period - Shot by Luke Henman.
18:06 of 1st period - Stopped by Eetu Makiniemi without a rebound.
18:07 of 1st period - Lucas Wallmark wins face-off versus Skyler Brind'amour in Devils zone.
19:08 of 1st period - Shot by Manuel Wiederer.
19:08 of 1st period - Stopped by Eetu Makiniemi with a rebound.
19:37 of 1st period - Shot by Michael McCarron.
19:37 of 1st period - Goal by Michael McCarron - Phantoms : 2 - Devils : 0.
19:38 of 1st period - Victor Rask wins face-off versus Cole Cassels in neutral zone.
19:50 of 1st period - Icing by Doyle Somerby.
19:51 of 1st period - Lucas Wallmark wins face-off versus Cole Cassels in Devils zone.
Goals for this period are 2 for Phantoms vs 0 for Devils.
Shots for this period are 11 for Phantoms vs 9 for Devils.

2nd period


0:01 of 2nd period - Victor Rask wins face-off versus Cole Cassels in neutral zone.
0:27 of 2nd period - Shot by Cole Cassels.
0:27 of 2nd period - Shot Blocked by Seth Griffith.
1:19 of 2nd period - Shot by Paul Byron.
1:19 of 2nd period - Stopped by Kevin Poulin without a rebound.
1:20 of 2nd period - Lucas Wallmark wins face-off versus Skyler Brind'amour in Phantoms zone.
1:24 of 2nd period - Patrick Sieloff is hit by Cal Clutterbuck and loses puck.
1:51 of 2nd period - Shot by Eric Robinson.
1:51 of 2nd period - Shot Blocked by Jarred Tinordi.
1:53 of 2nd period - Shot by Cal Clutterbuck.
1:53 of 2nd period - Stopped by Kevin Poulin without a rebound.
1:54 of 2nd period - Pierre-Édouard Bellemarre wins face-off versus Manuel Wiederer in Phantoms zone.
2:03 of 2nd period - Shot by Paul Byron.
2:03 of 2nd period - Stopped by Kevin Poulin without a rebound.
2:04 of 2nd period - Cole Cassels wins face-off versus Luke Henman in Phantoms zone.
2:10 of 2nd period - Icing by Brady Keeper.
2:11 of 2nd period - Pavel Gogolev wins face-off versus Luke Henman in Phantoms zone.
2:12 of 2nd period - Shot by Cole Cassels.
2:12 of 2nd period - Stopped by Kevin Poulin with a rebound.
2:22 of 2nd period - Shot by Victor Rask.
2:22 of 2nd period - Stopped by Eetu Makiniemi without a rebound.
2:23 of 2nd period - Pierre-Édouard Bellemarre wins face-off versus Tyler Sikura in Devils zone.
2:34 of 2nd period - Shot by Manuel Wiederer.
2:34 of 2nd period - Shot Misses the Net.
2:36 of 2nd period - Shot by Kerby Rychel.
2:36 of 2nd period - Shot Misses the Net.
2:38 of 2nd period - Shot by Kerby Rychel.
2:38 of 2nd period - Shot Blocked by Pierre-Édouard Bellemarre.
2:40 of 2nd period - Shot by Kerby Rychel.
2:40 of 2nd period - Shot Misses the Net.
2:42 of 2nd period - Shot by Manuel Wiederer.
2:42 of 2nd period - Shot Blocked by Michael Anderson.
2:52 of 2nd period - Shot by Kyle Clifford.
2:52 of 2nd period - Shot Misses the Net.
3:32 of 2nd period - Seth Griffith is hit by Pavel Gogolev and loses puck.
4:30 of 2nd period - Logan Hutsko is hit by Doyle Somerby and loses puck.
4:31 of 2nd period - Minor Penalty to Doyle Somerby for Cross-checking.
4:32 of 2nd period - Pavel Gogolev wins face-off versus Tyler Sikura in Devils zone.
4:53 of 2nd period - Shot by Kerby Rychel.
4:53 of 2nd period - Shot Misses the Net.
5:26 of 2nd period - Lucas Wallmark is hit by Marc Staal.
5:30 of 2nd period - Shot by Seth Griffith.
5:30 of 2nd period - Shot Misses the Net.
5:32 of 2nd period - Shot by Lucas Wallmark.
5:32 of 2nd period - Stopped by Eetu Makiniemi without a rebound.
5:33 of 2nd period - Victor Rask wins face-off versus Cole Cassels in Devils zone.
5:42 of 2nd period - Shot by Michael McCarron.
5:42 of 2nd period - Goal by Michael McCarron - Phantoms : 3 - Devils : 0.
5:43 of 2nd period - Lucas Wallmark wins face-off versus Skyler Brind'amour in neutral zone.
6:17 of 2nd period - Shot by Lucas Wallmark.
6:17 of 2nd period - Stopped by Eetu Makiniemi with a rebound.
7:00 of 2nd period - Shot by Cole Cassels.
7:00 of 2nd period - Shot Misses the Net.
7:02 of 2nd period - Shot by Ryan Murphy.
7:02 of 2nd period - Shot Blocked by Patrick Sieloff.
7:04 of 2nd period - Shot by Kirill Maksimov.
7:04 of 2nd period - Stopped by Kevin Poulin without a rebound.
7:05 of 2nd period - Victor Rask wins face-off versus Pierre-Édouard Bellemarre in Phantoms zone.
7:28 of 2nd period - Shot by Kyle Clifford.
7:28 of 2nd period - Stopped by Kevin Poulin without a rebound.
7:29 of 2nd period - Tyler Sikura wins face-off versus Cole Cassels in Phantoms zone.
7:40 of 2nd period - Marc Staal is hit by Tyler Sikura and loses puck.
8:05 of 2nd period - Icing by Cole Cassels.
8:06 of 2nd period - Spencer Foo wins face-off versus Victor Rask in Devils zone.
8:06 of 2nd period - Spencer Foo is hit by Michael McCarron.
9:15 of 2nd period - Shot by Adam Mascherin.
9:15 of 2nd period - Deflect By Lucas Wallmark.
9:15 of 2nd period - Shot Misses the Net.
9:17 of 2nd period - Shot by Ben Harpur.
9:17 of 2nd period - Shot Blocked by Anthony Bitetto.
9:19 of 2nd period - Shot by Adam Mascherin.
9:19 of 2nd period - Shot Blocked by Anthony Bitetto.
9:21 of 2nd period - Shot by Brady Keeper.
9:21 of 2nd period - Goal by Brady Keeper - Phantoms : 4 - Devils : 0.
9:21 of 2nd period - Carey Price enters game.
9:22 of 2nd period - Tyler Sikura wins face-off versus Skyler Brind'amour in neutral zone.
9:59 of 2nd period - Shot by Cal Clutterbuck.
9:59 of 2nd period - Stopped by Kevin Poulin without a rebound.
10:00 of 2nd period - Cole Cassels wins face-off versus Victor Rask in Phantoms zone.
10:11 of 2nd period - Pavel Gogolev is hit by Michael McCarron and loses puck.
10:42 of 2nd period - Spencer Foo is hit by Joshua Jacobs and loses puck.
10:50 of 2nd period - Icing by Joshua Jacobs.
10:51 of 2nd period - Pierre-Édouard Bellemarre wins face-off versus Victor Rask in Phantoms zone.
10:54 of 2nd period - Shot by Paul Byron.
10:54 of 2nd period - Shot Blocked by Joshua Jacobs.
11:10 of 2nd period - Victor Rask is hit by Kyle Clifford and loses puck.
11:58 of 2nd period - Shot by Tyler Sikura.
11:58 of 2nd period - Deflect By Kerby Rychel.
11:58 of 2nd period - Stopped by Carey Price without a rebound.
11:59 of 2nd period - Cole Cassels wins face-off versus Lucas Wallmark in Devils zone.
12:06 of 2nd period - Shot by Spencer Foo.
12:06 of 2nd period - Stopped by Kevin Poulin without a rebound.
12:07 of 2nd period - Lucas Wallmark wins face-off versus Cole Cassels in Phantoms zone.
12:07 of 2nd period - Logan Hutsko is hit by Pavel Gogolev and loses puck.
12:43 of 2nd period - Icing by Lucas Wallmark.
12:44 of 2nd period - Skyler Brind'amour wins face-off versus Lucas Wallmark in Phantoms zone.
12:45 of 2nd period - Shot by Cal Clutterbuck.
12:45 of 2nd period - Shot Blocked by Adam Mascherin.
14:12 of 2nd period - Shot by Victor Rask.
14:12 of 2nd period - Stopped by Carey Price without a rebound.
14:13 of 2nd period - Lucas Wallmark wins face-off versus Cole Cassels in Devils zone.
14:28 of 2nd period - Shot by Spencer Foo.
14:28 of 2nd period - Deflect By Cole Cassels.
14:28 of 2nd period - Stopped by Kevin Poulin without a rebound.
14:29 of 2nd period - Victor Rask wins face-off versus Pierre-Édouard Bellemarre in Phantoms zone.
15:40 of 2nd period - Shot by Kerby Rychel.
15:40 of 2nd period - Stopped by Carey Price without a rebound.
15:41 of 2nd period - Cole Cassels wins face-off versus Lucas Wallmark in Devils zone.
16:06 of 2nd period - Shot by Logan Hutsko.
16:06 of 2nd period - Shot Blocked by Ryan Murphy.
16:08 of 2nd period - Shot by Patrick Sieloff.
16:08 of 2nd period - Shot Misses the Net.
16:10 of 2nd period - Shot by Jarred Tinordi.
16:10 of 2nd period - Shot Misses the Net.
16:12 of 2nd period - Shot by Patrick Sieloff.
16:12 of 2nd period - Goal by Patrick Sieloff - Phantoms : 5 - Devils : 0.
16:13 of 2nd period - Tyler Sikura wins face-off versus Pierre-Édouard Bellemarre in neutral zone.
16:13 of 2nd period - Tyler Sikura is hit by Kyle Clifford.
16:38 of 2nd period - Manuel Wiederer is hit by Michael Anderson and loses puck.
17:35 of 2nd period - Shot by Seth Griffith.
17:35 of 2nd period - Shot Misses the Net.
17:37 of 2nd period - Shot by Jake Mccabe.
17:37 of 2nd period - Stopped by Carey Price without a rebound.
17:38 of 2nd period - Lucas Wallmark wins face-off versus Cole Cassels in Devils zone.
18:05 of 2nd period - Patrick Sieloff is hit by Ryan Murphy.
18:49 of 2nd period - Icing by Joshua Jacobs.
18:50 of 2nd period - Brett McKenzie wins face-off versus Pierre-Édouard Bellemarre in Phantoms zone.
19:06 of 2nd period - Minor Penalty to Kyle Clifford for Interference.
19:07 of 2nd period - Tyler Sikura wins face-off versus Pavel Gogolev in Devils zone.
19:12 of 2nd period - Shot by Kerby Rychel.
19:12 of 2nd period - Stopped by Carey Price with a rebound.
19:14 of 2nd period - Shot by Brady Keeper.
19:14 of 2nd period - Shot Misses the Net.
19:16 of 2nd period - Shot by Kerby Rychel.
19:16 of 2nd period - Deflect By Tyler Sikura.
19:16 of 2nd period - Shot Misses the Net.
19:18 of 2nd period - Shot by Kerby Rychel.
19:18 of 2nd period - Stopped by Carey Price with a rebound.
19:20 of 2nd period - Shot by Brady Keeper.
19:20 of 2nd period - Stopped by Carey Price with a rebound.
19:22 of 2nd period - Shot by Manuel Wiederer.
19:22 of 2nd period - Shot Misses the Net.
19:24 of 2nd period - Shot by Manuel Wiederer.
19:24 of 2nd period - Shot Misses the Net.
19:26 of 2nd period - Shot by Kerby Rychel.
19:26 of 2nd period - Stopped by Carey Price with a rebound.
19:28 of 2nd period - Shot by Manuel Wiederer.
19:28 of 2nd period - Shot Hit the Post.
19:30 of 2nd period - Shot by Manuel Wiederer.
19:30 of 2nd period - Shot Blocked by Michael Anderson.
19:32 of 2nd period - Shot by Brady Keeper.
19:32 of 2nd period - Shot Blocked by Michael Anderson.
19:34 of 2nd period - Shot by Ben Harpur.
19:34 of 2nd period - Shot Misses the Net.
19:36 of 2nd period - Shot by Ben Harpur.
19:36 of 2nd period - Stopped by Carey Price with a rebound.
19:42 of 2nd period - Shot by Manuel Wiederer.
19:42 of 2nd period - Deflect By Tyler Sikura.
19:42 of 2nd period - Shot Misses the Net.
19:44 of 2nd period - Shot by Kerby Rychel.
19:44 of 2nd period - Shot Misses the Net.
19:46 of 2nd period - Shot by Brady Keeper.
19:46 of 2nd period - Shot Misses the Net.
Goals for this period are 3 for Phantoms vs 0 for Devils.
Shots for this period are 15 for Phantoms vs 9 for Devils.

3rd period


0:01 of 3rd period - Victor Rask wins face-off versus Pavel Gogolev in neutral zone.
0:28 of 3rd period - Shot by Victor Rask.
0:28 of 3rd period - Stopped by Carey Price without a rebound.
0:29 of 3rd period - Pavel Gogolev wins face-off versus Tyler Sikura in Devils zone.
0:54 of 3rd period - Shot by Ben Harpur.
0:54 of 3rd period - Stopped by Carey Price without a rebound.
0:55 of 3rd period - Cole Cassels wins face-off versus Victor Rask in Devils zone.
0:55 of 3rd period - Cole Cassels is hit by Michael McCarron.
1:15 of 3rd period - Shot by Doyle Somerby.
1:15 of 3rd period - Shot Blocked by Patrick Sieloff.
1:17 of 3rd period - Shot by Kyle Clifford.
1:17 of 3rd period - Stopped by Kevin Poulin with a rebound.
1:20 of 3rd period - Minor Penalty to Jarred Tinordi for Hooking.
1:21 of 3rd period - Seth Griffith wins face-off versus Paul Byron in Phantoms zone.
1:21 of 3rd period - Victor Rask is hit by Cal Clutterbuck and loses puck.
1:29 of 3rd period - Paul Byron is hit by Joshua Jacobs and loses puck.
1:38 of 3rd period - Shot by Paul Byron.
1:38 of 3rd period - Stopped by Kevin Poulin without a rebound.
1:39 of 3rd period - Cole Cassels wins face-off versus Victor Rask in Phantoms zone.
1:42 of 3rd period - Shot by Pavel Gogolev.
1:42 of 3rd period - Stopped by Kevin Poulin with a rebound.
1:44 of 3rd period - Shot by Anthony Bitetto.
1:44 of 3rd period - Stopped by Kevin Poulin without a rebound.
1:45 of 3rd period - Cole Cassels wins face-off versus Victor Rask in Phantoms zone.
1:52 of 3rd period - Shot by Ryan Murphy.
1:52 of 3rd period - Shot Misses the Net.
1:54 of 3rd period - Shot by Cole Cassels.
1:54 of 3rd period - Stopped by Kevin Poulin with a rebound.
1:56 of 3rd period - Shot by Pavel Gogolev.
1:56 of 3rd period - Shot Blocked by Joshua Jacobs.
1:58 of 3rd period - Shot by Marc Staal.
1:58 of 3rd period - Goal by Marc Staal - Phantoms : 5 - Devils : 1.
1:59 of 3rd period - Pierre-Édouard Bellemarre wins face-off versus Tyler Sikura in neutral zone.
2:04 of 3rd period - Shot by Kyle Clifford.
2:04 of 3rd period - Shot Misses the Net.
2:06 of 3rd period - Shot by Pierre-Édouard Bellemarre.
2:06 of 3rd period - Stopped by Kevin Poulin without a rebound.
2:07 of 3rd period - Cole Cassels wins face-off versus Victor Rask in Phantoms zone.
2:08 of 3rd period - Shot by Spencer Foo.
2:08 of 3rd period - Stopped by Kevin Poulin without a rebound.
2:09 of 3rd period - Victor Rask wins face-off versus Cole Cassels in Phantoms zone.
2:09 of 3rd period - Victor Rask is hit by Spencer Foo.
2:15 of 3rd period - Ryan Murphy is hit by Michael McCarron and loses puck.
2:44 of 3rd period - Shot by Pavel Gogolev.
2:44 of 3rd period - Shot Misses the Net.
2:46 of 3rd period - Shot by Spencer Foo.
2:46 of 3rd period - Shot Blocked by Joshua Jacobs.
2:48 of 3rd period - Shot by Pavel Gogolev.
2:48 of 3rd period - Stopped by Kevin Poulin without a rebound.
2:49 of 3rd period - Pierre-Édouard Bellemarre wins face-off versus Tyler Sikura in Phantoms zone.
3:10 of 3rd period - Shot by Manuel Wiederer.
3:10 of 3rd period - Shot Misses the Net.
3:16 of 3rd period - Shot by Paul Byron.
3:16 of 3rd period - Stopped by Kevin Poulin with a rebound.
3:26 of 3rd period - Shot by Pierre-Édouard Bellemarre.
3:26 of 3rd period - Stopped by Kevin Poulin with a rebound.
3:28 of 3rd period - Shot by Pierre-Édouard Bellemarre.
3:28 of 3rd period - Stopped by Kevin Poulin with a rebound.
3:35 of 3rd period - Off-side.
3:36 of 3rd period - Michael McCarron wins face-off versus Cole Cassels in neutral zone.
3:48 of 3rd period - Shot by Michael McCarron.
3:48 of 3rd period - Stopped by Carey Price without a rebound.
3:49 of 3rd period - Cole Cassels wins face-off versus Lucas Wallmark in Devils zone.
3:54 of 3rd period - Adam Mascherin is hit by Spencer Foo and loses puck.
4:22 of 3rd period - Shot by Spencer Foo.
4:22 of 3rd period - Shot Blocked by Lucas Wallmark.
4:24 of 3rd period - Shot by Carl Dahlstrom.
4:24 of 3rd period - Goal by Carl Dahlstrom - Phantoms : 5 - Devils : 2.
4:25 of 3rd period - Pierre-Édouard Bellemarre wins face-off versus Victor Rask in neutral zone.
4:33 of 3rd period - Icing by Michael McCarron.
4:34 of 3rd period - Victor Rask wins face-off versus Pierre-Édouard Bellemarre in Phantoms zone.
4:36 of 3rd period - Icing by Seth Griffith.
4:37 of 3rd period - Pierre-Édouard Bellemarre wins face-off versus Victor Rask in Phantoms zone.
5:35 of 3rd period - Icing by Joshua Jacobs.
5:36 of 3rd period - Seth Griffith wins face-off versus Pavel Gogolev in Phantoms zone.
5:36 of 3rd period - Seth Griffith is hit by Pavel Gogolev.
6:01 of 3rd period - Minor Penalty to Anthony Bitetto for Delaying the game.
6:02 of 3rd period - Tyler Sikura wins face-off versus Spencer Foo in Devils zone.
6:50 of 3rd period - Shot by Seth Griffith.
6:50 of 3rd period - Stopped by Carey Price without a rebound.
6:51 of 3rd period - Pavel Gogolev wins face-off versus Victor Rask in Devils zone.
7:14 of 3rd period - Shot by Seth Griffith.
7:14 of 3rd period - Shot Misses the Net.
7:16 of 3rd period - Shot by Jake Mccabe.
7:16 of 3rd period - Shot Blocked by Ryan Murphy.
7:44 of 3rd period - Shot by Cole Cassels.
7:44 of 3rd period - Stopped by Kevin Poulin without a rebound.
7:45 of 3rd period - Pavel Gogolev wins face-off versus Tyler Sikura in Phantoms zone.
7:56 of 3rd period - Shot by Spencer Foo.
7:56 of 3rd period - Shot Hit the Post.
8:12 of 3rd period - Shot by Adam Mascherin.
8:12 of 3rd period - Shot Misses the Net.
8:14 of 3rd period - Shot by Lucas Wallmark.
8:14 of 3rd period - Stopped by Carey Price with a rebound.
8:30 of 3rd period - Shot by Logan Hutsko.
8:30 of 3rd period - Shot Misses the Net.
8:32 of 3rd period - Shot by Lucas Wallmark.
8:32 of 3rd period - Stopped by Carey Price without a rebound.
8:33 of 3rd period - Cole Cassels wins face-off versus Luke Henman in Devils zone.
8:33 of 3rd period - Cole Cassels is hit by Brett McKenzie.
9:33 of 3rd period - Shot by Ben Harpur.
9:33 of 3rd period - Shot Misses the Net.
9:35 of 3rd period - Shot by Logan Hutsko.
9:35 of 3rd period - Stopped by Carey Price with a rebound.
9:37 of 3rd period - Shot by Logan Hutsko.
9:37 of 3rd period - Stopped by Carey Price with a rebound.
9:55 of 3rd period - Kerby Rychel is hit by Kirill Maksimov and loses puck.
10:08 of 3rd period - Icing by Paul Byron.
10:09 of 3rd period - Pierre-Édouard Bellemarre wins face-off versus Victor Rask in Devils zone.
10:45 of 3rd period - Icing by Pierre-Édouard Bellemarre.
10:46 of 3rd period - Tyler Sikura wins face-off versus Pierre-Édouard Bellemarre in Devils zone.
11:09 of 3rd period - Shot by Doyle Somerby.
11:09 of 3rd period - Stopped by Kevin Poulin with a rebound.
11:11 of 3rd period - Shot by Cal Clutterbuck.
11:11 of 3rd period - Stopped by Kevin Poulin without a rebound.
11:12 of 3rd period - Logan Hutsko wins face-off versus Skyler Brind'amour in Phantoms zone.
11:14 of 3rd period - Brady Keeper is hit by Cal Clutterbuck and loses puck.
11:31 of 3rd period - Shot by Skyler Brind'amour.
11:31 of 3rd period - Shot Misses the Net.
11:33 of 3rd period - Shot by Cal Clutterbuck.
11:33 of 3rd period - Deflect By Eric Robinson.
11:33 of 3rd period - Stopped by Kevin Poulin with a rebound.
11:35 of 3rd period - Shot by Carl Dahlstrom.
11:35 of 3rd period - Stopped by Kevin Poulin without a rebound.
11:36 of 3rd period - Tyler Sikura wins face-off versus Cole Cassels in Phantoms zone.
12:18 of 3rd period - Icing by Jake Mccabe.
12:19 of 3rd period - Tyler Sikura wins face-off versus Pierre-Édouard Bellemarre in Phantoms zone.
13:10 of 3rd period - Shot by Michael McCarron.
13:10 of 3rd period - Shot Misses the Net.
14:10 of 3rd period - Icing by Cole Cassels.
14:11 of 3rd period - Tyler Sikura wins face-off versus Cole Cassels in Devils zone.
14:53 of 3rd period - Icing by Ryan Murphy.
14:54 of 3rd period - Skyler Brind'amour wins face-off versus Michael McCarron in Devils zone.
14:54 of 3rd period - Skyler Brind'amour is hit by Michael McCarron.
15:35 of 3rd period - Shot by Seth Griffith.
15:35 of 3rd period - Stopped by Carey Price without a rebound.
15:36 of 3rd period - Lucas Wallmark wins face-off versus Cole Cassels in Devils zone.
16:01 of 3rd period - Shot by Logan Hutsko.
16:01 of 3rd period - Stopped by Carey Price without a rebound.
16:02 of 3rd period - Kyle Clifford wins face-off versus Tyler Sikura in Devils zone.
16:07 of 3rd period - Manuel Wiederer is hit by Paul Byron and loses puck.
16:12 of 3rd period - Shot by Pierre-Édouard Bellemarre.
16:12 of 3rd period - Shot Blocked by Joshua Jacobs.
16:45 of 3rd period - Icing by Anthony Bitetto.
16:46 of 3rd period - Victor Rask wins face-off versus Pierre-Édouard Bellemarre in Devils zone.
16:49 of 3rd period - Shot by Seth Griffith.
16:49 of 3rd period - Deflect By Michael McCarron.
16:49 of 3rd period - Stopped by Carey Price without a rebound.
16:50 of 3rd period - Michael McCarron wins face-off versus Cole Cassels in Devils zone.
16:58 of 3rd period - Pavel Gogolev is hit by Ben Harpur and loses puck.
18:42 of 3rd period - Icing by Patrick Sieloff.
18:43 of 3rd period - Pierre-Édouard Bellemarre wins face-off versus Tyler Sikura in Phantoms zone.
18:51 of 3rd period - Icing by Jarred Tinordi.
18:52 of 3rd period - Tyler Sikura wins face-off versus Pierre-Édouard Bellemarre in Phantoms zone.
19:24 of 3rd period - Shot by Pierre-Édouard Bellemarre.
19:24 of 3rd period - Shot Misses the Net.
Goals for this period are 0 for Phantoms vs 2 for Devils.
Shots for this period are 11 for Phantoms vs 18 for Devils.